 Dungeon Crawl Stone Soup version 0.16-a0-1009-g0339a9e (webtiles) character file.

77 JacquesDerrida the Cudgeler (level 4, -7/23 HPs)
             Began as a Vine Stalker Skald on Oct 3, 2014.
             Was an Initiate of Okawaru.
             Killed by divine providence
             ... invoked by an orc priest
              (14 damage)
             ... on Level 3 of the Dungeon.
             The game lasted 00:04:04 (696 turns).

JacquesDerrida the Cudgeler (Vine Stalker Skald)     Turns: 696, Time: 00:04:05

HP  -7/23        AC  6     Str 15      XL: 4   Next: 34%
MP   0/8         EV 10     Int 13      God: Okawaru [......]
Gold 83          SH  0     Dex 13      Spells:  1 memorised,  6 levels left

rFire  . . .     SeeInvis .     a - +0 mace
rCold  . . .     Clarity  .     l - +1 leather armour {rPois}
rNeg   . . .     rCorr    .     (no shield)
rPois  +         rRot     +     (no helmet)
rElec  .         Spirit   +     g - +1 cloak
SustAb .         Warding  .     (no gloves)
rMut   .         Stasis   .     (no boots)
Gourm  +                        e - amulet of the gourmand
MR     .....                    (no ring)
                                (no ring)

@: not resistant to hostile enchantments, very unstealthy
A: fangs 2, regeneration 1, magic shield, antimagic bite, no device heal 3, rot
immunity
a: Renounce Religion


You were on level 3 of the Dungeon.
You worshipped Okawaru.
Okawaru was noncommittal.
You were not hungry.

You visited 1 branch of the dungeon, and saw 3 of its levels.

You collected 83 gold pieces.

Inventory:

Hand weapons
 a - a +0 mace (weapon)
Armour
 b - a +0 leather armour
 g - a +1 cloak (worn)
 l - a +1 leather armour of poison resistance (worn)
Comestibles
 d - a bread ration
 o - a beef jerky
Scrolls
 i - a scroll of identify {unknown}
Jewellery
 e - an amulet of the gourmand (around neck)
Potions
 f - a potion of cure mutation {unknown}
 m - a potion of curing {unknown}
 n - a potion of haste {unknown}
Books
 c - a book of Battle

   Spells                             Type                      Level
   *Infusion                          Charms                       1
   Shroud of Golubria                 Charms/Translocation         2
   Song of Slaying                    Charms                       2
   Spectral Weapon                    Hexes/Charms                 3
   Regeneration                       Charms/Necromancy            3


   Skills:
 - Level 1.7 Fighting
 + Level 4.0 Maces & Flails
 - Level 0.7 Armour
 - Level 0.7 Dodging
 - Level 2.1 Spellcasting
 - Level 3.0 Charms


You had 6 spell levels left.
You knew the following spells:

 Your Spells              Type           Power        Failure   Level  Hunger
a - Infusion              Chrm           #.....       10%         1    ##.....


Dungeon Overview and Level Annotations

Branches:
Dungeon (3/15)

Altars:
Okawaru
Ru


Innate Abilities, Weirdness & Mutations

You have extremely sharp teeth.
Your natural rate of healing is unusually fast.
When hurt, damage is shared between your health and your magic reserves.
Your bite disrupts and absorbs the magic of your enemies.
Potions and wands cannot restore your health.
You are immune to rotting.


Message History

As you read the scroll labeled YFIANWEFFI, it crumbles to dust.
It is a scroll of recharging.
You aren't carrying any rechargeable items.
The orc shouts!
The adder barely misses you. The adder closely misses you.
Read which item? (? for menu, Esc to quit)
As you read the scroll labeled YWOAX GOOSYCAPS, it crumbles to dust.
You feel aware of your surroundings.
It was a scroll of magic mapping.
The adder misses you.
The orc priest becomes somewhat translucent.
An orc comes into view.
Read which item? (? for menu, Esc to quit)
As you read the scroll labeled ELUGOF FIPYJOU, it crumbles to dust.
You feel blessed for a moment.
It was a scroll of remove curse.
The orc shouts!
The adder bites you but does no damage.
The orc priest invokes the aid of Beogh against you.
Something smites you!
Ouch! That really hurt!
You die...

.#.#*
#...######.........##
.#..**###........##.....##
....,**###.......########
..##.,,..........#
..,,,,,.........##
,,**,,,.##......##
,***,,....>......#
,,,,,..,########.#
,,,*,,,,****** #@#
,,,,,,,,,,,,,* #S#****
,,,*,,,,****** #oo,,,**
,,,*,,,,* *#oo.,,,**
,,,****** *Koo..,,,* ,,**
*...o..,,* ,,** *.......,*
,,,* #..o...,,* ,,,*
*...,,,,,*


You could see 3 orc priests, an adder, 5 orcs and a kobold.

Vanquished Creatures
  An orc wizard (D:3)
  An adder (D:3)
  A gnoll (D:3)
  3 orcs (D:3)
  2 giant cockroaches (D:2)
  A goblin (D:3)
  5 hobgoblins
  7 bats
  A giant gecko (D:2)
  2 giant newts
  2 kobolds
  A quokka (D:2)
  4 rats
31 creatures vanquished.

Notes
Turn   | Place    | Note
--------------------------------------------------------------
     0 | D:1      | JacquesDerrida, the Vine Stalker Skald, began the quest for the Orb.
     0 | D:1      | Reached XP level 1. HP: 11/11 MP: 3/3
    88 | D:1      | Reached XP level 2. HP: 15/15 MP: 5/5
   517 | D:3      | Reached XP level 3. HP: 14/18 MP: 5/7
   551 | D:3      | Found an iron altar of Okawaru.
   552 | D:3      | Found a sacrificial altar of Ru.
   573 | D:3      | Became a worshipper of Warmaster Okawaru
   658 | D:3      | Reached skill level 4 in Maces & Flails
   658 | D:3      | Reached XP level 4. HP: 7/23 MP: 5/8
   696 | D:3      | Killed from afar by an orc priest

Action                   |  1- 3 |  4- 6 || total
-------------------------+-------+-------++-------
Melee: Mace              |    99 |     2 ||   101
  Use: Scroll            |       |     4 ||     4
 Stab: Sleeping          |     1 |       ||     1
